 Dungeon Crawl Stone Soup version 0.22-a0-515-g75794bf (webtiles) character file.

416 Ecrof the Ruffian (level 6, 0/48 HPs)
             Began as a Ghoul Gladiator on June 19, 2018.
             Was a Follower of Makhleb.
             Slain by a river rat (8 damage)
             ... summoned by Eustachio
             ... on level 4 of the Dungeon.
             The game lasted 00:18:21 (3967 turns).

Ecrof the Ruffian (Ghoul Gladiator)                 Turns: 3967, Time: 00:18:21

Health: 0/48       AC:  4    Str: 20    XL:     6   Next: 92%
Magic:  5/5        EV: 12    Int:  3    God:    Makhleb [*.....]
Gold:   226        SH:  0    Dex: 10    Spells: 5/5 levels left

rFire    . . .     SeeInvis .     - Unarmed
rCold    + . .     Gourm    .   (no shield)
rNeg     + + +     Faith    .   a - +0 leather armour
rPois    ∞         Spirit   .   b - +0 helmet
rElec    .         Reflect  .   n - scarf {repulsion}
rCorr    .         Harm     .   (no gloves)
MR       .....                  (no boots)
Stlth    +.........             (no amulet)
HPRegen  0.00/turn              (no ring)
MPRegen  0.09/turn              (no ring)

@: rotting, repel missiles
A: rotting body, claws 1, carnivore, cold resistance 1, negative energy
resistance 3, inhibited regeneration, torment resistance, unbreathing
a: Renounce Religion


You were on level 4 of the Dungeon.
You worshipped Makhleb.
Makhleb was aware of your devotion.
You were hungry.

You visited 2 branches of the dungeon, and saw 6 of its levels.

You collected 226 gold pieces.

Inventory:

Missiles
 c - 2 throwing nets
 j - 194 stones (quivered)
Armour
 a - a +0 leather armour (worn)
 b - a +0 helmet (worn)
 m - a +0 leather armour
 n - a scarf of repulsion (worn)
Wands
 t - a wand of flame (19)
Scrolls
 g - a scroll of noise
 i - a scroll of remove curse
 k - a scroll of teleportation
 l - a scroll of identify
Potions
 e - 4 potions of flight
 h - a potion of curing
 q - a potion of berserk rage {unknown}
 r - a potion of haste {unknown}
 s - a potion of brilliance {unknown}
Comestibles
 d - 9 rations
 f - 4 chunks of flesh


   Skills:
 - Level 2.1 Fighting
 - Level 1.7 Throwing
 - Level 1.6 Armour
 - Level 2.6 Dodging
 - Level 0.7 Stealth
 * Level 7.8 Unarmed Combat


You had 5 spell levels left.
You didn't know any spells.
Your spell library was empty.

Dungeon Overview and Level Annotations

Branches:
Dungeon (5/15)             Temple (1/1) D:4

Altars:
Ashenzari
Cheibriados
Fedhas
Hepliaklqana
Makhleb
Qazlal
Sif Muna
Uskayaw
Xom
Zin
The Shining One

Annotations:
D:4 Eustachio


Innate Abilities, Weirdness & Mutations

Your body is rotting away.
You thrive on raw meat.
You are immune to poison.
You have sharp fingernails.
You are carnivorous and can eat meat at any time.
Your flesh is cold resistant. (rC+)
You are immune to negative energy. (rN+++)
You do not regenerate when monsters are visible.
You are immune to unholy pain and torment.
You can survive without breathing.


Message History

You kill the rat!
The rat's corpse disappears in a puff of smoke!
The rat barely misses you. The river rat bites you. The rat barely misses you.
Eustachio hits you with a rapier.
Your leather armour prevents you from hitting Eustachio.
Eustachio is severely wounded.
The river rat closely misses you. The rat bites you but does no damage.
You scratch Eustachio but do no damage.
Eustachio is severely wounded.
The river rat misses you. Eustachio hits you with a rapier.
* * * LOW HITPOINT WARNING * * *
You claw Eustachio!
Eustachio is almost dead.
The river rat misses you. Eustachio hits you with a rapier.
* * * LOW HITPOINT WARNING * * *
You closely miss Eustachio.
Eustachio is almost dead.
The river rat bites you!
You die...

############ ###### #..........#
#....# #..........# #....#
#.....>....# #....# #..r@rr....#
#....# #....@.....####....#
########..........#..#....#
#.................#..#.(..# ###
#.................#..#....# ..#
#.................#..#....# ..#
#.................#'##....#
..####.........................#
.....)#######+#####............#


You could see Eustachio, 2 river rats and a rat.

Vanquished Creatures
  An ogre (D:4)
  A hound (D:4)
  Jessica (D:2)
  An iguana (D:4)
  Ijyb (D:4)
  2 orc wizards (D:4)
  A worker ant (D:4)
  A gnoll (D:2)
  4 adders
  3 oozes
  4 worms
  3 dart slugs
  5 leopard geckos
  6 orcs
  5 giant cockroaches
  5 goblins
  4 hobgoblins
  8 jackals
  2 quokkas
  2 ball pythons
  2 bats
  2 frilled lizards (D:1)
  3 kobolds (D:1)
  A quokka zombie (D:2)
  5 rats
73 creatures vanquished.

Notes
Turn   | Place    | Note
-------+----------+-------------------------------------------
     0 | D:1      | Ecrof the Ghoul Gladiator began the quest for the Orb.
     0 | D:1      | Reached XP level 1. HP: 17/17 MP: 0/0
    21 | D:1      | Reached XP level 2. HP: 17/24 MP: 1/1
    79 | D:1      | Reached skill level 4 in Unarmed Combat
   608 | D:1      | Reached XP level 3. HP: 26/29 MP: 2/2
  1016 | D:2      | Noticed Jessica
  1028 | D:2      | Killed Jessica
  1028 | D:2      | Reached skill level 1 in Armour
  1028 | D:2      | Reached XP level 4. HP: 28/36 MP: 3/3
  1029 | D:2      | Reached skill level 5 in Unarmed Combat
  2060 | D:3      | Found a hazy altar of Hepliaklqana.
  2092 | D:3      | Found a shattered altar of Ashenzari.
  2381 | D:3      | Reached XP level 5. HP: 41/41 MP: 4/4
  2686 | D:4      | Noticed Ijyb
  2719 | D:4      | Killed Ijyb
  2719 | D:4      | Reached skill level 6 in Unarmed Combat
  2880 | D:4      | Found a staircase to the Ecumenical Temple.
  2902 | Temple   | Entered the Ecumenical Temple
  3033 | Temple   | Became a worshipper of Makhleb the Destroyer
  3126 | D:4      | Reached XP level 6. HP: 44/48 MP: 5/5
  3165 | D:4      | Reached skill level 7 in Unarmed Combat
  3830 | D:4      | Reached * piety under Makhleb
  3872 | D:5      | Entered Level 5 of the Dungeon
  3872 | D:5      | Noticed Eustachio
  3954 | D:4      | HP: 2/48 [quokka[Eustachio] (1)]
  3967 | D:4      | Slain by a river rat

Vault maps used:
D:1:      scummos_arrival_checkerplants
D:2:      cheibrodos_gnoll_hut, uniq_jessica
D:3:      old_standard_altar, nicolae_ashenzari_panopticon, first_ration
D:4:      minmay_wonky_spiral, temple_statues, uniq_ijyb
D:5:      lemuel_doored_altar, kennysheep_little_box,
          grunt_temple_overflow_open, serial_shops, shop, shop_fountains, shop,
          uniq_eustachio
Temple:   kb_temple_of_zot

Skill      XL: |  1  2  3  4  5  6 |
---------------+-------------------+-----
Unarmed Combat | 4 5 6 7 |  7.8
Armour         | 1 |  1.6
Fighting       | |  2.1
Throwing       | |  1.7
Dodging        | |  2.6
Stealth        | |  0.7

Action                   |  1- 3 |  4- 6 || total
-------------------------+-------+-------++-------
Melee: Unarmed           |    60 |   217 ||   277
       Punch             |     2 |     4 ||     6
Throw: Stone             |    29 |   124 ||   153
       Throwing net      |       |     1 ||     1
  Use: Scroll            |     1 |     8 ||     9
       Potion            |       |     3 ||     3
  Eat: Chunk             |       |     9 ||     9
Armor: Leather armour    |    10 |    42 ||    52
Dodge: Dodged            |    31 |   130 ||   161
       Deflected         |       |     6 ||     6

Table legend:
 A = Spawn XP
 B = Non-spawn XP
 C = Spawn XP percentage of total XP
 D = Spawn monster count
 E = Non-spawn monster count
 F = Spawn count percentage of total count
 G = Total turns spent on level
                    A         B        C        D         E        F      G
               +---------+---------+-------+---------+---------+-------+---------
         Total |       0 |     595 |   0.0 |       0 |      73 |   0.0 |  3967
               +---------+---------+-------+---------+---------+-------+---------
           D:1 |       0 |      38 |   0.0 |       0 |      20 |   0.0 |   837
           D:2 |       0 |      98 |   0.0 |       0 |      19 |   0.0 |   956
           D:3 |       0 |      45 |   0.0 |       0 |      11 |   0.0 |   817
           D:4 |       0 |     414 |   0.0 |       0 |      23 |   0.0 |  1166
               +---------+---------+-------+---------+---------+-------+---------
